AoeStats
← Morrión

Fortress

507518661Analyzed
2v2 RM · 15d ago on Sep 18, 2026· 43m 12s· 4 players
Game mode
Random Map
Map size
Normal (6 player)
Population
200
Speed
Normal
Resources
Standard
Victory
Conquest
Starting age
Dark Age
Ending age
Imperial Age
RankedLock teamsTeams togetherTeam positionsShared explorationLock speedFull tech treeHidden civsTurbo modeCheats
Victory
Defeat
🇪🇸 Poles · Spain
1368
+13
🇪🇸 Italians · Spain
1366
+13
🇹🇷 Khmer · Türkiye
1304
-13
🇹🇷 Burmese · Türkiye
1304
-13
Subutay
8:33 Feudal Age
12:05 Castle Age
13:11 Bloodlines
13:02 Husbandry
13:07 Horse Collar
16:04 Heavy Plow
24:02 Padded Archer Armor
32:14 Imperial Age
32:14 Elite Arambai
32:21 Elite Arambai
33:19 Loom
36:28 Chemistry
36:05 Conscription
36:44 Wheelbarrow
35:55 Town Watch
39:53 Siege Engineers
40:28 Masonry
agahgenc
8:31 Feudal Age
11:40 Castle Age
9:28 Double-Bit Axe
9:25 Horse Collar
9:53 Gold Mining
11:40 Scale Mail Armor
11:50 Forging
11:47 Pikeman
13:05 Husbandry
15:49 Gold Shaft Mining
15:29 Bow Saw
17:57 Wheelbarrow
24:55 Imperial Age
26:31 Iron Casting
31:54 Hand Cart
32:03 Conscription
32:18 Double Crossbow
32:13 Halberdier
34:50 Chemistry
34:11 Chain Mail Armor
36:35 Blast Furnace
36:27 Siege Engineers
37:22 Man-at-Arms
38:01 Long Swordsman
38:57 Two-Handed Swordsman
41:56 Heavy Scorpion
Morrión
8:08 Feudal Age
10:14 Double-Bit Axe
10:14 Horse Collar
12:45 Castle Age
11:22 Scale Barding Armor
12:03 Forging
12:31 Loom
13:39 Szlachta Privileges
16:57 Loom
20:43 Bow Saw
21:35 Bloodlines
21:37 Husbandry
24:25 Iron Casting
24:17 Heavy Plow
26:53 Scale Mail Armor
28:27 Chain Barding Armor
29:43 Chain Mail Armor
31:17 Wheelbarrow
30:27 Town Watch
31:14 Squires
30:59 Arson
31:22 Fletching
34:36 Imperial Age
32:27 Hand Cart
33:34 Masonry
33:27 Bodkin Arrow
34:41 Cavalier
36:32 Crop Rotation
35:50 Town Watch
36:42 Conscription
37:46 Blast Furnace
37:11 Light Cavalry
38:47 Winged Hussar
43:15 Lechitic Legacy
juanca12
7:41 Feudal Age
11:54 Castle Age
10:11 Double-Bit Axe
13:06 Horse Collar
13:42 Fletching
13:52 Padded Archer Armor
15:06 Bodkin Arrow
17:53 Leather Archer Armor
18:39 Wheelbarrow
22:02 Hand Cart
25:28 Ballistics
25:49 Loom
27:36 Gold Mining
28:33 Heavy Plow
32:05 Imperial Age
31:35 Town Watch
32:48 Bracer
33:18 Ring Archer Armor
33:13 Conscription
32:13 Elite Genoese Crossbowman
33:06 Thumb Ring
33:20 Town Patrol
37:01 Chemistry
38:24 Bow Saw
Connection lost

Rejoining the realm…

Still unreachable

The connection could not be restored.

Session expired

The server has moved on; the page needs a fresh start.